 Dungeon Crawl Stone Soup version 0.21.1-1-g345015fe64 (webtiles) character file.

56 Ivernyr the Charmwright (level 4, -2/33 HPs)
             Began as a Human Skald on June 9, 2018.
             Killed from afar by Sigmund (11 damage)
             ... with a puff of flame
             ... on level 2 of the Dungeon.
             The game lasted 00:05:19 (2196 turns).

Ivernyr the Charmwright (Human Skald)               Turns: 2196, Time: 00:05:19

Health: -2/33      AC:  3    Str: 12    XL:     4   Next: 17%
Magic:  2/7        EV: 12    Int: 13    God:
Gold:   64         SH:  0    Dex: 13    Spells: 2/7 levels left

rFire    . . .     SeeInvis .   a - +0 falchion
rCold    . . .     Gourm    .   (no shield)
rNeg     . . .     Faith    .   b - +0 leather armour
rPois    .         Spirit   .   (no helmet)
rElec    .         Reflect  .   (no cloak)
rCorr    .         Harm     .   (no gloves)
MR       .....                  (no boots)
Stlth    +.........             (no amulet)
HPRegen  0.11/turn              (no ring)
MPRegen  0.10/turn              (no ring)

@: shrouded, very slightly contaminated
A: no striking features
a: no special abilities


You were on level 2 of the Dungeon.
You were not hungry.

You visited 1 branch of the dungeon, and saw 2 of its levels.

You collected 64 gold pieces.

Inventory:

Hand Weapons
 a - a +0 falchion (weapon)
Missiles
 h - 15 poisoned needles
Armour
 b - a +0 leather armour (worn)
Jewellery
 i - an uncursed ring of protection from fire {unknown}
Scrolls
 f - 5 scrolls of identify {unknown}
 j - 3 scrolls of remove curse {unknown}
 k - a scroll of enchant weapon {unknown}
Potions
 e - 2 potions of flight {unknown}
 g - a potion of might {unknown}
 m - a potion of invisibility {unknown}
Books
 c - a book of Battle

   Spells                             Type                      Level
   a - Infusion                       Charms                       1
   b - Shroud of Golubria             Charms/Translocation         2
   c - Song of Slaying                Charms                       2
   d - Spectral Weapon                Hexes/Charms                 3
   e - Regeneration                   Charms/Necromancy            3
Comestibles
 d - 3 rations


   Skills:
 - Level 2.0 Fighting
 - Level 2.0 Long Blades
 * Level 2.0 Throwing
 + Level 1.7 Armour
 - Level 2.0 Dodging
 - Level 2.0 Spellcasting
 * Level 3.7 Charms


You had 2 spell levels left.
You knew the following spells:

 Your Spells              Type           Power        Failure   Level  Hunger
a - Shroud of Golubria    Chrm/Tloc      #.........   22%         2    ###....
b - Song of Slaying       Chrm           ##......     11%         2    ###....
c - Infusion              Chrm           ##..         7%          1    ##.....


Dungeon Overview and Level Annotations

Branches:
Dungeon (2/15)

Altars:

Annotations:
D:2 Sigmund


Message History

Sigmund hits you with a scythe!
* * * LOW HITPOINT WARNING * * *
Your shroud falls apart!
Casting: Shroud of Golubria
Confirm with . or Enter, or press ? or * to list all spells.
You miscast Shroud of Golubria.
You are very lightly contaminated with residual magic.
The air around you crackles with energy!
Casting: Shroud of Golubria
Confirm with . or Enter, or press ? or * to list all spells.
Space distorts slightly along a thin shroud covering your body.
Sigmund closely misses you.
You slash Sigmund!
Sigmund is severely wounded.
Your shroud bends Sigmund's attack away.
You barely miss Sigmund.
Sigmund is severely wounded.
Sigmund points at you and mumbles some strange words.
The puff of flame hits you!
You die...

.............# ..# ......##..#
.............# .... ...........
.............# .#.# ...........
.............# .#.# #.# #...†#..
.............###.#.# #.# #.....^.
............###..#.# #.# ###.....
............###.##.###.#####.....
..........#..#.....#.....##...#.#
...###..###....@@..<..........#..
...###....#...................###
........#.#...................###
...####.#........................
...# #.###......................
.### #.# #......................
.# .# #...................... .#
#.#.............#...... .#
#.##............####...


You could see Sigmund.

Vanquished Creatures
  An adder (D:2)
  An ooze (D:1)
  A worm (D:2)
  2 dart slugs (D:1)
  3 leopard geckos
  2 giant cockroaches
  4 goblins
  4 hobgoblins
  2 jackals (D:1)
  2 kobolds (D:1)
  2 bats (D:1)
  3 frilled lizards
  7 rats
34 creatures vanquished.

Notes
Turn   | Place    | Note
-------+----------+-------------------------------------------
     0 | D:1      | Ivernyr the Human Skald began the quest for the Orb.
     0 | D:1      | Reached XP level 1. HP: 16/16 MP: 3/3
   377 | D:1      | Reached XP level 2. HP: 16/22 MP: 5/5
   457 | D:1      | Learned a level 2 spell: Song of Slaying
   460 | D:1      | Learned a level 2 spell: Shroud of Golubria
   500 | D:1      | Reached skill level 1 in Throwing
   916 | D:1      | Reached XP level 3. HP: 20/27 MP: 1/6
  1617 | D:2      | Reached XP level 4. HP: 32/33 MP: 7/7
  1782 | D:2      | Noticed Sigmund
  2196 | D:2      | Killed from afar by Sigmund

Skill      XL: |  1  2  3  4 |
---------------+-------------+-----
Throwing       | 1 2 |  2.0
Fighting       | |  2.0
Long Blades    | |  2.0
Armour         | |  1.7
Dodging        | |  2.0
Spellcasting   | |  2.0
Charms         | |  3.7

Action                   |  1- 3 |  4- 6 || total
-------------------------+-------+-------++-------
Melee: Falchion          |   108 |    61 ||   169
 Cast: Shroud of Golubri |     2 |     9 ||    11
  Eat: Chunk             |     3 |       ||     3
       Ration            |       |     1 ||     1
Armor: Leather armour    |    23 |    12 ||    35
Dodge: Dodged            |    80 |    45 ||   125
       Rpst.: Falchion   |    25 |     8 ||    33
